 Dungeon Crawl Stone Soup version 0.21.1-1-g345015fe64 (webtiles) character file.

144 Kisielow the Changer (level 5, 0/37 HPs)
             Began as a Merfolk Transmuter on June 10, 2018.
             Killed from afar by Hercules1031's ghost (12 damage)
             ... with a spray of energy
             ... on level 3 of the Dungeon.
             The game lasted 00:05:06 (2954 turns).

Kisielow the Changer (Merfolk Transmuter)           Turns: 2954, Time: 00:05:06

Health: 0/37       AC:  2    Str: 10    XL:     5   Next: 27%
Magic:  6/8        EV: 20    Int: 14    God:
Gold:   75         SH:  0    Dex: 19    Spells: 4/8 levels left

rFire    . . .     SeeInvis .     - Unarmed
rCold    . . .     Gourm    .   (shield currently unavailable)
rNeg     . . .     Faith    .   (armour currently unavailable)
rPois    x         Spirit   .   (helmet currently unavailable)
rElec    .         Reflect  .   (cloak currently unavailable)
rCorr    .         Harm     .   (gloves currently unavailable)
MR       .....                  (boots currently unavailable)
Stlth    ++........             (no amulet)
HPRegen  0.12/turn              (no ring)
MPRegen  0.11/turn              (no ring)

@: spider-form (expiring), drained
A: tiny, (change form in water), (swift swim), (stealthy swim)
a: End Transformation


You were on level 3 of the Dungeon.
You were not hungry.
You were a venomous arachnid creature.
You visited 1 branch of the dungeon, and saw 3 of its levels.

You collected 75 gold pieces.

Inventory:

Missiles
 a - 12 arrows
Armour
 b - a +0 robe (melded)
Scrolls
 e - a scroll of magic mapping
 f - a scroll of remove curse
 j - a scroll of teleportation
Potions
 g - 4 potions of brilliance
 h - 2 potions of magic {unknown}
 i - a potion of degeneration {unknown}
Books
 c - a book of Changes

   Spells                             Type                      Level
   a - Beastly Appendage              Transmutation                1
   b - Sticks to Snakes               Transmutation                2
   c - Spider Form                    Transmutation/Poison         3
   d - Ice Form                       Ice/Transmutation            4
   e - Blade Hands                    Transmutation                5
Comestibles
 d - 4 rations
 k - 4 chunks of flesh


   Skills:
 - Level 1.1(0.9) Fighting
 - Level 2.6(2.4) Dodging
 - Level 4.5(4.3) Unarmed Combat
 - Level 2.0(1.8) Spellcasting
 * Level 5.9(5.7) Transmutations


You had 4 spell levels left.
You knew the following spells:

 Your Spells              Type           Power        Failure   Level  Hunger
a - Beastly Appendage     Tmut           ###...       9%          1    ##.....
q - Spider Form           Tmut/Pois      #.........   43%         3    ####...


Dungeon Overview and Level Annotations

Branches:
Dungeon (3/15)

Altars:

Annotations:
D:3 Hercules1031's ghost, amateur HuCj


Message History

You hit Hercules1031's ghost.
Hercules1031's ghost is moderately damaged.
Hercules1031's ghost completely misses you.
You hit Hercules1031's ghost.
Hercules1031's ghost is heavily damaged.
Hercules1031's ghost hits you.
You hit Hercules1031's ghost.
Hercules1031's ghost is heavily damaged.
Your transformation is almost over.
You hit Hercules1031's ghost but do no damage.
Hercules1031's ghost is heavily damaged.
Hercules1031's ghost gestures at you while chanting.
The magic dart hits you!
You are too injured to fight recklessly!
You are too injured to fight recklessly!
You hit Hercules1031's ghost but do no damage.
Hercules1031's ghost is heavily damaged.
Hercules1031's ghost casts a spell at you.
The spray of energy hits you!
You die...

*,+,,,,,,***,,*,**#..#.#......
*,*,,,,..,,.......,..#.#.#....
*,*,,,,,..,,.....,,,..........
*,****###..##.#.######...#....
***,**,,..........#.............
*,,,****##...##......#*#........
*,*** *,..........#..# #...÷....
**,*****,#.........#..###..#.....
,,,,,,,,,.......s!...............
********,#.#.>.W..♣§♣.P.....♣P.##
*,*,#...#.P..♣..♣...♣..♣♣.
**+*,#...♣.§♣P♣..♣...PP♣..♣
*,,,,#....PP§.§§♣....♣..PP♣
*,,,......§♣§♣♣.♣.♣..♣P♣..♣
*,,....).#....♣.♣.♣.♣♣♣P.♣♣
*,,.#..(.#...♣..♣.♣♣..PPP.♣
**,,,*,,,,#*,*♣.♣P...P♣.P♣..


You could see Hercules1031's ghost.

Vanquished Creatures
  Natasha (thrice) (D:3)
  An adder (D:2)
  2 worms
  2 dart slugs (D:1)
  A leopard gecko (D:2)
  2 giant cockroaches
  9 goblins (D:1)
  6 hobgoblins
  3 quokkas (D:3)
  A ball python (D:2)
  6 bats
  3 frilled lizards (D:1)
  2 kobolds
  8 rats
49 creatures vanquished.

Notes
Turn   | Place    | Note
-------+----------+-------------------------------------------
     0 | D:1      | Kisielow the Merfolk Transmuter began the quest for the Orb.
     0 | D:1      | Reached XP level 1. HP: 15/15 MP: 3/3
   194 | D:1      | Reached XP level 2. HP: 21/21 MP: 5/5
   679 | D:1      | Reached XP level 3. HP: 26/26 MP: 6/6
   787 | D:1      | Learned a level 3 spell: Spider Form
  1029 | D:1      | Reached skill level 3 in Transmutations
  2144 | D:2      | Reached skill level 4 in Transmutations
  2475 | D:2      | Reached XP level 4. HP: 30/32 MP: 5/7
  2686 | D:3      | Noticed Natasha
  2697 | D:3      | Killed Natasha
  2719 | D:3      | Noticed Natasha
  2727 | D:3      | Killed Natasha
  2727 | D:3      | Reached skill level 5 in Transmutations
  2773 | D:3      | Noticed Natasha
  2781 | D:3      | Killed Natasha
  2781 | D:3      | Reached XP level 5. HP: 26/37 MP: 1/8
  2941 | D:3      | Noticed Hercules1031's ghost (amateur HuCj)
  2954 | D:3      | Killed from afar by Hercules1031's ghost

Skill      XL: |  1  2  3  4 |
---------------+-------------+-----
Unarmed Combat | 4 |  4.5
Transmutations | 4 5 |  5.9
Fighting       | |  1.1
Dodging        | |  2.6
Spellcasting   | |  2.0

Action                   |  1- 3 |  4- 6 || total
-------------------------+-------+-------++-------
Melee: Unarmed           |   139 |    60 ||   199
       Punch             |     2 |     1 ||     3
       Headbutt          |     1 |       ||     1
 Cast: Beastly Appendage |     5 |     1 ||     6
       Spider Form       |       |     5 ||     5
  Use: Scroll            |       |     5 ||     5
       Potion            |       |     2 ||     2
  Eat: Chunk             |     4 |       ||     4
       Ration            |       |     1 ||     1
Armor: Robe              |    15 |     9 ||    24
       Skin              |       |     1 ||     1
Dodge: Dodged            |    88 |    45 ||   133
